 Dungeon Crawl Stone Soup version 0.19-a0-1162-g527d089 (webtiles) character file.

14 Kaname the Magician (level 2, 0/17 HPs)
             Began as a High Elf Wanderer on Aug 14, 2016.
             Slain by a kobold
             ... wielding a +0 short sword
              (3 damage)
             ... on level 1 of the Dungeon.
             The game lasted 00:01:56 (1282 turns).

Kaname the Magician (High Elf Wanderer)             Turns: 1282, Time: 00:01:58

Health: 0/17       AC:  2    Str: 14    XL:     2   Next: 31%
Magic:  7/7        EV: 11    Int: 15    God:
Gold:   17         SH:  0    Dex: 11    Spells: 0 memorised, 8 levels left

rFire  . . .     SeeInvis .     e - +0 whip
rCold  . . .     Gourm    .     d - +0 robe
rNeg   + . .     Faith    .     (no shield)
rPois  .         Spirit   .     (no helmet)
rElec  .         Dismiss  .     (no cloak)
rCorr  .         Reflect  .     (no gloves)
MR     .....     Harm     .     (no boots)
Stlth  +.........               (no amulet)
                                (no ring)
                                j - ring of positive energy

@: no status effects
A: no striking features
a: no special abilities


You were on level 1 of the Dungeon.
You were not hungry.

You visited 1 branch of the dungeon, and saw 1 of its levels.

You collected 17 gold pieces.

Inventory:

Hand Weapons
 e - a +0 whip (weapon)
Armour
 d - a +0 robe (worn)
Jewellery
 j - a ring of positive energy (left hand)
Scrolls
 i - a scroll of fog {unknown}
 k - a scroll of fear {unknown}
Potions
 c - 2 potions of lignification
 g - a potion of degeneration {unknown}
Books
 a - a book of Spatial Translocations

   Spells                             Type                      Level
   a - Apportation                    Translocation                1
   b - Blink                          Translocation                2
   c - Shroud of Golubria             Charms/Translocation         2
   d - Portal Projectile              Translocation                3
   e - Teleport Other                 Translocation                3
   f - Passage of Golubria            Translocation                4
 b - the Volume of the Mountains

   Spells                             Type                      Level
   a - Sandblast                      Earth                        1
   b - Stone Arrow                    Conjuration/Earth            3
Comestibles
 f - 2 bread rations
 h - 4 fruits
 l - 2 chunks of flesh


   Skills:
 - Level 1.1 Stealth
 + Level 3.5 Spellcasting
   Level 2.1 Conjurations
   Level 1.0 Hexes
   Level 1.1 Translocations
   Level 2.4 Air Magic
   Level 1.0 Evocations


You had 8 spell levels left.
You didn't know any spells.

Dungeon Overview and Level Annotations

Branches:
Dungeon (1/15)

Altars:


Message History

The kobold throws a stone.
The stone hits you.
You see here a stone.
The kobold throws a stone.
The stone hits you but does no damage.
You see here a stone.
The kobold hits you but does no damage.
You closely miss the kobold. The kobold hits you with a short sword.
You barely miss the kobold. The kobold hits you with a short sword.
* * * LOW HITPOINT WARNING * * *
The kobold hits you with a short sword.
* * * LOW HITPOINT WARNING * * *
You are too injured to fight recklessly!
You are too injured to fight recklessly!
You are too injured to fight recklessly!
You hit the kobold.
The kobold is moderately wounded.
The kobold barely misses you.
You completely miss the kobold.
The kobold is moderately wounded.
The kobold hits you with a short sword.
You die...

..........##.##
.###.........#
#..#..##(.#
#..#....(.#
#..##.##..#
#..##..#..#
#..###.#..#
#..# #K#..#
#..###@#..#
#.........#
####...####
+.......#
####...## ##..#
##.# #.# ####.#


You could see a kobold.

Vanquished Creatures
  A dart slug (D:1)
  4 goblins (D:1)
  2 hobgoblins (D:1)
  5 kobolds (D:1)
  A rat (D:1)
13 creatures vanquished.

Notes
Turn   | Place    | Note
-------+----------+-------------------------------------------
     0 | D:1      | Kaname the High Elf Wanderer began the quest for the Orb.
     0 | D:1      | Kaname set off with: a book of Spatial Translocations, the Volume of the Mountains, a potion of lignification, a +0 robe, a +0 club, a bread ration
     0 | D:1      | Reached XP level 1. HP: 11/11 MP: 4/4
     0 | D:1      | Identified the Volume of the Mountains
   218 | D:1      | Reached skill level 3 in Spellcasting
   489 | D:1      | Reached XP level 2. HP: 11/17 MP: 7/7
  1282 | D:1      | Slain by a kobold

Vault maps used:
D:1:      minmay_arrival_split_and_join, minmay_misc_feat_hallway

Skill      XL: |  1 |
---------------+----+-----
Spellcasting   | 3 |  3.5
Stealth        | |  1.1
Conjurations   | |  2.1
Hexes          | |  1.0
Translocations | |  1.1
Air Magic      | |  2.4
Evocations     | |  1.0

Action                   || total
-------------------------++-------
Melee: Whip              ||    39
       Mace              ||     4
 Stab: Sleeping          ||     2
       Distracted        ||     1
  Eat: Chunk             ||     1
Armor: Robe              ||    10
Dodge: Dodged            ||    17
